 Dungeon Crawl Stone Soup version 0.30.1-11-g7821555f0a (webtiles) character file.

Game seed: 9213021813124658665

1155 Ijustatesigmund the Magician (level 8, -3/46 HPs)
             Began as a Deep Elf Earth Elementalist on Dec 11, 2023.
             Slain by Duvessa
             ... wielding a +0 short sword
              (6 damage)
             ... on level 5 of the Dungeon.
             The game lasted 00:07:26 (5905 turns).

Ijustatesigmund the Magician (DEEE)                 Turns: 5905, Time: 00:07:27

Health: -3/46      AC:  3    Str:  5    XL:     8   Next: 16%
Magic:  2/19       EV: 12    Int: 23    God:
Gold:   308        SH:  0    Dex: 15    Spells: 16/20 levels left

rFire   . . .        h - +1 dagger (venom)
rCold   . . .        (no shield)
rNeg    . . .        a - +0 robe
rPois   +            (no helmet)
rElec   .            (no cloak)
rCorr   .            k - +0 pair of gloves
SInv    .            (no boots)
Will    .....        (no amulet)
Stlth   ++           m - ring of poison resistance
HPRegen 0.27/turn    y - ring of flight
MPRegen 0.16/turn

%: no passive effects
@: flying
A: no striking features
a: no special abilities


You were on level 5 of the Dungeon.
You visited 1 branch of the dungeon, and saw 5 of its levels.

You collected 308 gold pieces.

Inventory:

Hand Weapons
 c - a +0 short sword
 h - a +1 dagger of venom (weapon)
Armour
 a - a +0 robe (worn)
 k - a +0 pair of gloves (worn)
Jewellery
 m - a ring of poison resistance (left hand)
 y - a ring of flight (right hand)
Wands
 l - a wand of charming (8)
 o - a wand of polymorph (10)
 x - a wand of digging (5)
Scrolls
 d - a scroll of blinking {unknown}
 e - a scroll of poison
 g - a scroll of fog
 i - a scroll of noise {unknown}
 n - 3 scrolls of enchant weapon {unknown}
 q - 3 scrolls of teleportation
 s - a scroll of fear {unknown}
 u - a scroll of brand weapon {unknown}
 v - a scroll of enchant armour {unknown}
Potions
 b - a potion of magic
 f - 2 potions of mutation
 j - 3 potions of flight
 r - a potion of might {unknown}
 t - a potion of resistance {unknown}
 w - a potion of brilliance {unknown}
 z - a potion of haste {unknown}


   Skills:
 + Level 3.4 Fighting
 - Level 2.4 Dodging
 - Level 2.4 Stealth
 + Level 6.6 Spellcasting
 * Level 6.1 Conjurations
 - Level 1.1 Transmutations
 + Level 5.8 Earth Magic


You had 16 spell levels left.
You knew the following spells:

 Your Spells              Type           Power      Damage    Failure   Level
a - Sandblast             Erth           68%        2d15      1%          1
b - Stone Arrow           Conj/Erth      70%        3d11      1%          3

Your spell library contained the following spells:

 Spells                   Type           Power      Damage    Failure   Level
 Passwall                 Tmut/Erth      19%        N/A       3%          2
 Ensorcelled Hibernation  Hex/Ice        14%        N/A       12%         2
 Spider Form              Tmut/Pois      10%        N/A       19%         3
 Petrify                  Tmut/Erth      23%        N/A       19%         4
 Anguish                  Hex/Necr       3%         N/A       63%         4


Dungeon Overview and Level Annotations

Branches:
Dungeon (5/15)
 Temple: D:4-7

Altars:

Shops:
D:4 :

Annotations:
D:5 Duvessa


Message History

The stone arrow hits Dowan!!
You kill Dowan!
Duvessa screams, "No!
How DARE you!"
Duvessa goes berserk!
Duvessa rages.
Unknown command.
Okay, then.
Casting: Stone Arrow (safe; 1% risk of failure)
Confirm with . or Enter, or press ? or * to list all spells.
Aiming: Stone Arrow (safe; 1% risk of failure)
Press: ? - help, Shift-Dir - straight line, f - Duvessa
Aim: Duvessa, wielding a +0 short sword and wearing a +2 leather armour of cold resistance (berserk, 77% to hit)
The stone arrow hits Duvessa!
Duvessa is lightly wounded.
Casting: Stone Arrow (safe; 1% risk of failure)
Confirm with . or Enter, or press ? or * to list all spells.
Aiming: Stone Arrow (safe; 1% risk of failure)
Press: ? - help, Shift-Dir - straight line, f/p - Duvessa
Aim: Duvessa, wielding a +0 short sword and wearing a +2 leather armour of cold resistance (lightly wounded, berserk, 77% to hit)
The stone arrow hits Duvessa!!
Duvessa is severely wounded.
Duvessa hits you with a +0 short sword! x2
Casting: Stone Arrow (safe; 1% risk of failure)
Confirm with . or Enter, or press ? or * to list all spells.
Aiming: Stone Arrow (safe; 1% risk of failure)
Press: ? - help, Shift-Dir - straight line, f/p - Duvessa
Aim: Duvessa, wielding a +0 short sword and wearing a +2 leather armour of cold resistance (severely wounded, berserk, 77% to hit)
The stone arrow misses Duvessa.
Duvessa hits you with a +0 short sword!
* * * LOW HITPOINT WARNING * * *
Unknown command.
Okay, then.
You feel much better.
Duvessa hits you with a +0 short sword!!
Duvessa hits you with a +0 short sword!
* * * LOW HITPOINT WARNING * * *
Your magical contamination has completely faded away.
As you read the scroll labelled JEMUFAI XEENYLUEL, it crumbles to dust.
The scroll dissolves into smoke.
It was a scroll of fog.
Duvessa hits you with a +0 short sword.
You die...

##................
.....................##
#...................(.
.....................
....................##
##.#..#..........)...##
########..##.....§...#
##..##....§#§e....#
#.......#..§@#
###.>######§§# #..#
####..##
#..###.##...###
#.......#.....#
###..........##
###....##### #.....#
##...##


You could see Duvessa (berserk).

Vanquished Creatures
  Eustachio (D:4)
  2 water moccasins (D:5)
  2 ogres
  A centaur (D:5)
  A scorpion (D:5)
  Dowan (D:5)
  A howler monkey (D:5)
  3 hounds (D:5)
  A sleepcap (D:2)
  An iguana (D:4)
  13 gnolls
  6 adders
  2 ufetubi (D:5)
  2 worms
  2 dart slugs
  5 endoplasms
  3 giant cockroaches
  7 goblins
  6 hobgoblins
  12 jackals
  7 ball pythons
  5 bats
  3 frilled lizards
  8 kobolds
  4 rats
99 creatures vanquished.

Notes
Turn   | Place    | Note
-------+----------+-------------------------------------------
     0 | D:1      | Ijustatesigmund the Deep Elf Earth Elementalist began the
                  | quest for the Orb.
     0 | D:1      | Reached XP level 1. HP: 10/10 MP: 6/6
   219 | D:1      | Reached XP level 2. HP: 16/16 MP: 5/8
   346 | D:1      | Reached skill level 1 in Fighting
   863 | D:1      | Reached XP level 3. HP: 19/20 MP: 6/10
  1052 | D:1      | Learned a level 3 spell: Stone Arrow
  1473 | D:2      | Reached skill level 1 in Conjurations
  1473 | D:2      | Reached XP level 4. HP: 14/25 MP: 1/12
  2629 | D:3      | Reached XP level 5. HP: 30/30 MP: 11/13
  2875 | D:4      | Noticed an ogre
  2878 | D:4      | Killed an ogre
  3177 | D:4      | Found Kusyahil's Book Boutique.
  3557 | D:4      | Reached XP level 6. HP: 21/35 MP: 7/15
  3873 | D:4      | Reached skill level 5 in Spellcasting
  4171 | D:4      | Noticed Eustachio
  4178 | D:4      | Killed Eustachio
  4696 | D:5      | Entered Level 5 of the Dungeon
  4751 | D:5      | Reached skill level 5 in Earth Magic
  4751 | D:5      | Reached XP level 7. HP: 40/40 MP: 7/17
  5089 | D:5      | Reached skill level 5 in Conjurations
  5583 | D:5      | Reached XP level 8. HP: 46/46 MP: 13/19
  5895 | D:5      | Noticed Duvessa
  5896 | D:5      | Noticed Dowan
  5900 | D:5      | Killed Dowan
  5905 | D:5      | Slain by Duvessa

Illustrated notes

Levels and vault maps discovered:
D:1:      minmay_arrival_split_and_join, layout_loops_ring
D:2:      layout_rooms
D:3:      layout_basic
D:4:      layout_basic, serial_shops, shop, uniq_eustachio
D:5:      layout_cave_pools, uniq_duvessa

Skill      XL: |  1  2  3  4  5  6  7  8 |
---------------+-------------------------+-----
Fighting       | 1 2 3 |  3.4
Spellcasting   | 4 5 6 |  6.6
Conjurations   | 1 2 3 4 5 6 |  6.1
Earth Magic    | 4 5 |  5.8
Dodging        | |  2.4
Stealth        | |  2.4
Transmutations | |  1.1

Action                     |  1- 3 |  4- 6 |  7- 9 || total
---------------------------+-------+-------+-------++-------
  Melee: Dagger            |       |     2 |     1 ||     3
   Cast: Sandblast         |    58 |    54 |     6 ||   118
         Stone Arrow       |       |    15 |    27 ||    42
    Use: Scroll            |       |     5 |     2 ||     7
         Potion            |       |     2 |     2 ||     4
 Armour: Robe              |     5 |     2 |     4 ||    11
  Dodge: Dodged            |    28 |    18 |    14 ||    60
